 Dungeon Crawl Stone Soup version 0.27-a0-836-gfc908b8576 (webtiles) character file.

Game seed: 13623864178931256213

779 HoaS the Magician (level 7, -3/45 HPs)
             Began as a Djinni Ice Elementalist on Apr 1, 2021.
             Was a Follower of Makhleb.
             Killed by nerve-wracking pain
             ... invoked by Menkaure
              (11 damage)
             ... on level 5 of the Dungeon.
             The game lasted 00:19:17 (8318 turns).

HoaS the Magician (Djinni Ice Elementalist)         Turns: 8318, Time: 00:19:17

Health: -3/45      AC: 11    Str:  7    XL:     7   Next: 85%
Gold:   712        EV: 14    Int: 18    God:    Makhleb [*.....] SH:  0 Dex: 14

rFire    + + +     SeeInvis .   b - +6 whip
rCold    . . .     Faith    .   (no shield)
rNeg     . . .     Spirit   .   a - +0 robe
rPois    ∞         Reflect  .   (no helmet)
rElec    .         Harm     .   s - scarf {rC+ rF+}
rCorr    +         Rampage  .   j - +1 pair of gloves
Will     .....                  (boots unavailable)
Stlth    ++........             (no amulet)
HPRegen  0.15/turn              e - +4 ring of slaying
MPRegen  0.00/turn              f - ring of resist corrosion

@: ice-armoured, frozen ramparts, flying, hasted, very quick
A: fire resistance 2, cold vulnerability 1, float, innate caster, hp casting,
extra vitality 1
a: Renounce Religion


You were on level 5 of the Dungeon.
You worshipped Makhleb.
Makhleb was aware of your devotion.
You visited 1 branch of the dungeon, and saw 5 of its levels.
You also visited: Ossuary.

You collected 796 gold pieces.
You spent 84 gold pieces at shops.

Inventory:

Hand Weapons
 b - a +6 whip (weapon)
Armour
 a - a +0 robe (worn)
 j - a +1 pair of gloves (worn)
 o - a +0 kite shield
 s - a scarf of resistance (worn)
Jewellery
 e - a +4 ring of slaying (left hand)
 f - a ring of resist corrosion (right hand)
 i - a +6 ring of strength
Wands
 k - a wand of flame (29)
Scrolls
 h - 6 scrolls of teleportation
 p - a scroll of identify
Potions
 c - 3 potions of brilliance
 d - a potion of ambrosia
 g - 2 potions of resistance
 l - a potion of cancellation {unknown}
 m - 2 potions of lignification
 n - 4 potions of attraction
 q - 4 potions of curing
 r - 2 potions of haste
 t - a potion of might {unknown}


   Skills:
 + Level 5.6 Dodging
 - Level 1.5 Stealth
 * Level 6.9 Spellcasting


You couldn't memorise any spells.
You knew the following spells:

 Your Spells              Type           Power      Damage    Failure   Level
a - Freeze                Ice            100%       1d11      1%          1
b - Frozen Ramparts       Ice            62%        1d8       1%          3
c - Ozocubu's Armour      Ice            31%        N/A       1%          3
d - Hailstorm             Conj/Ice       31%        3d8       6%          4
e - Summon Ice Beast      Ice/Summ       31%        N/A       6%          4
f - Magic Dart            Conj           100%       1d8       1%          1
g - Searing Ray           Conj           62%        3d5       1%          2
h - Inner Flame           Hex/Fire       31%        N/A       1%          3
Your spell library was empty.

Dungeon Overview and Level Annotations

Branches:
Dungeon (5/15)            Ossuary (visited)
 Temple: D:4-7

Altars:
Cheibriados
Dithmenos
Fedhas
Hepliaklqana
Kikubaaqudgha
Makhleb
Qazlal
Trog
Wu Jian
Xom
The Shining One

Shops:
D:5 *

Annotations:
D:5 Menkaure


Innate Abilities, Weirdness & Mutations

You are immune to poison.
Your flesh is very heat resistant. (rF++)
You are vulnerable to cold. (rC-)
You float through the air rather than walking.
You learn spells naturally, not from books.
Your magical power is your life essence.
You have superior vitality. (+4 HP)


Message History

The magic dart hits Menkaure.
Menkaure is lightly damaged.
The magic dart hits Menkaure.
Menkaure is lightly damaged.
Menkaure casts a spell at you. Pain shoots through your body!
Menkaure calls on the powers of darkness!
Your body is wracked with pain!
You feel yourself speed up.
Casting: Magic Dart (safe; 1% risk of failure)
Confirm with . or Enter, or press ? or * to list all spells.
Casting: Frozen Ramparts (safe; 1% risk of failure)
Press: ? - help, Dir - look around, f - activate The walls around you are covered in ice.
Casting: Frozen Ramparts (safe; 1% risk of failure)
Confirm with . or Enter, or press ? or * to list all spells.
A film of ice covers your body!
* * * LOW HITPOINT WARNING * * *
The wall freezes the adder.
The adder seems to slow down.
You are too injured to fight recklessly!
Unknown command.
Casting: Ozocubu's Armour (safe; 1% risk of failure)
Confirm with . or Enter, or press ? or * to list all spells.
Aiming: Searing Ray (safe; 1% risk of failure)
Press: ? - help, Shift-Dir - straight line, f - adder
Aim: an adder (almost dead, slow, 34% to evade)
The searing ray hits the adder!
You kill the adder!
Makhleb accepts your kill.
The searing ray hits Menkaure.
Menkaure is moderately damaged. (Press . to maintain the ray.)
* * * LOW HITPOINT WARNING * * *
The searing ray hits Menkaure.
Menkaure is heavily damaged.
* * * LOW HITPOINT WARNING * * *
Menkaure resists.
The wall freezes Menkaure.
Menkaure gestures at you while chanting.
Pain shoots through your body!
You die...

.......##.........####...##.#####
#.......'.........'..............
##....###.........####...##.#####
......# ##.......## ##.###.#
.##.### ##.....## ### #.# .##.#
##...## ####.# ....# ##+##
#......# .#### ##.######...# ###
.# #....@..M..# .# #..######..#
.## ##...##### .# ..# #......[..
.. ..###### ##...#.### ##
.......# #..##.#
.....#.#####..##.###.#
..##.................#
..####.######.########


You could see Menkaure.

Vanquished Creatures
  A centaur (D:5)
  An ogre (D:4)
  A water moccasin zombie (D:5)
  A crimson imp (D:5)
  A hound (D:4)
  An orc priest (D:5)
  2 iguanas (D:5)
  An orc wizard (D:5)
  A hound zombie (D:5)
  A hound skeleton (D:5)
  11 mummies (Ossuary)
  5 gnolls
  5 adders
  A howler monkey skeleton (D:4)
  A white imp (D:5)
  An ufetubus (D:3)
  7 dart slugs
  2 orcs
  4 ball pythons
  8 endoplasms
  2 giant cockroaches
  4 goblins (D:3)
  8 hobgoblins
  7 jackals (D:3)
  4 quokkas
  7 bats
  3 frilled lizards
  3 gnoll skeletons (Ossuary)
  A goblin skeleton (Ossuary)
  4 kobolds
  3 kobold skeletons (Ossuary)
  An orc skeleton (Ossuary)
  3 rats
  11 rat skeletons (Ossuary)
117 creatures vanquished.

Notes
Turn   | Place    | Note
-------+----------+-------------------------------------------
     0 | D:1      | HoaS the Djinni Ice Elementalist began the quest for the
                  | Orb.
     0 | D:1      | Reached XP level 1. HP: 15/15 MP: 0/0
   434 | D:1      | Reached XP level 2. HP: 19/21 MP: 0/0
   623 | D:1      | Reached skill level 4 in Spellcasting
  1022 | D:1      | Reached XP level 3. HP: 24/25 MP: 0/0
  1022 | D:1      | Learned a level 1 spell: Magic Dart
  1722 | D:2      | Found a stormy altar of Qazlal.
  1727 | D:2      | Found a blossoming altar of Fedhas.
  2330 | D:2      | Reached XP level 4. HP: 29/31 MP: 0/0
  2341 | D:2      | Found an ornate altar of the Wu Jian Council.
  2835 | D:3      | Found a snail-covered altar of Cheibriados.
  3728 | D:3      | Reached XP level 5. HP: 34/35 MP: 0/0
  3728 | D:3      | Learned a level 2 spell: Searing Ray
  4102 | D:3      | Found a hazy altar of Hepliaklqana.
  4103 | D:3      | Found a shadowy altar of Dithmenos.
  4104 | D:3      | Noticed a shadow
  4389 | D:3      | Reached skill level 5 in Spellcasting
  5366 | D:4      | Found a bloodstained altar of Trog.
  5367 | D:4      | Found a glowing golden altar of the Shining One.
  5369 | D:4      | Noticed an ogre
  5376 | D:4      | Killed an ogre
  5377 | D:4      | Reached XP level 6. HP: 30/40 MP: 0/0
  6376 | D:5      | Entered Level 5 of the Dungeon
  6377 | D:5      | Identified a scroll of acquirement
  6377 | D:5      | Acquired 616 gold pieces
  6412 | D:5      | Found a burning altar of Makhleb.
  6412 | D:5      | Found a shimmering altar of Xom.
  6420 | D:5      | Became a worshipper of Makhleb the Destroyer
  6554 | D:5      | Reached skill level 6 in Spellcasting
  6568 | D:5      | Reached XP level 7. HP: 17/45 MP: 0/0
  6568 | D:5      | Learned a level 3 spell: Inner Flame
  6575 | D:5      | Reached skill level 5 in Dodging
  6886 | D:5      | Found a sand-covered staircase.
  6895 | Ossuary  | Entered an ossuary
  7537 | Ossuary  | Reached * piety under Makhleb
  8078 | D:5      | Found Kianup's General Store.
  8087 | D:5      | Bought a scroll of teleportation for 42 gold pieces
  8087 | D:5      | Bought a scroll of teleportation for 42 gold pieces
  8307 | D:5      | Noticed Menkaure
  8318 | D:5      | Killed from afar by Menkaure

Illustrated notes

Levels and vault maps discovered:
D:1:      lightli_arrival_boilingwater, layout_basic, minmay_pentomino_z4
D:2:      layout_loops_ring, grunt_temple_overflow_forces_of_nature,
          lemuel_round_altar
D:3:      wad_crossroads, layout_basic, riverfiend_overflow_shadow_ancestor,
          lemuel_doored_altar, kiku_gazebo_pond_becter
D:4:      layout_basic, chequers_temple_overflow_statue_of_worship
D:5:      layout_loops_corners, grunt_temple_overflow_champion_of_chaos,
          gammafunk_ghost_split, chequers_ossuary_entry_cave, serial_shops,
          shop, uniq_menkaure

Skill      XL: |  1  2  3  4  5  6  7 |
---------------+----------------------+-----
Spellcasting   | 4 5 6 |  6.9
Dodging        | 3 4 5 |  5.6
Stealth        | |  1.5

Action                   |  1- 3 |  4- 6 |  7- 9 || total
-------------------------+-------+-------+-------++-------
Melee: Short sword       |     2 |       |       ||     2
       Whip              |     6 |    13 |     8 ||    27
       Dagger            |     1 |       |       ||     1
 Cast: Freeze            |    25 |    19 |     3 ||    47
       Magic Dart        |    37 |    93 |    47 ||   177
       Ozocubu's Armour  |       |     1 |     1 ||     2
       Searing Ray       |       |     2 |    15 ||    17
       Frozen Ramparts   |       |     1 |     1 ||     2
  Use: Scroll            |     4 |     6 |     5 ||    15
       Potion            |     1 |     1 |     1 ||     3
 Stab: Sleeping          |     1 |       |     1 ||     2
Armor: Robe              |     4 |     8 |     5 ||    17
Dodge: Dodged            |    15 |    29 |    13 ||    57

Table legend: (Time is in decaauts)
 A = Elapsed time spent in this place.
 B = Non-inter-level travel time spent in this place.
 C = Inter-level travel time spent in this place.
 D = Time resting spent in this place.
 E = Time spent auto-exploring this place.
 F = Levels seen in this place.
 G = Mean time per level.
                   A        B        C        D        E       F      G
               +--------+--------+--------+--------+--------+-----+--------+
         Total |   8319 |   8194 |    125 |   3342 |   4123 |   6 | 1386.5 |
       Dungeon |   7295 |   7170 |    125 |   2626 |   3954 |   5 | 1459.0 |
       Ossuary |   1024 |   1024 |      0 |    716 |    169 |   1 | 1024.0 |
               +--------+--------+--------+--------+--------+-----+--------+

Top non-repeatable levels by time:
     D:3: 2021 daAuts
     D:1: 1614 daAuts
     D:4: 1599 daAuts
     D:2: 1143 daAuts
 Ossuary: 1024 daAuts
     D:5: 916 daAuts
